 Dungeon Crawl Stone Soup version 0.30.1-4-g462c640d31 (webtiles) character file.

Game seed: 12689054555694853329

4227 Jerry the Cleaver (level 10, -7/139 HPs)
             Began as a Hill Orc Fighter on Sept 8, 2023.
             Was an Initiate of Gozag.
             Killed by vampiric draining
             ... invoked by a vampire
              (12 damage)
             ... on level 9 of the Dungeon.
             The game lasted 00:29:35 (7395 turns).

Jerry the Cleaver (Hill Orc Fighter)                Turns: 7395, Time: 00:29:36

Health: -7/139     AC: 25    Str: 20    XL:     10   Next: 30%
Magic:  10/10      EV:  2    Int: 12    God:    Gozag
Gold:   893        SH: 10    Dex: 10    Spells: 9/9 levels left

rFire   . . .        t - +5 hand axe
rCold   . . .        c - +0 buckler
rNeg    . . .        b - melded +0 scale mail
rPois   +            s - melded +1 helmet
rElec   .            D - melded +0 cloak
rCorr   +            u - melded +0 pair of gloves
SInv    .            F - melded +0 pair of boots
Will    .....        q - amulet of reflection
Stlth   +            g - ring of resist corrosion
HPRegen 0.43/turn    (no ring)
MPRegen 0.12/turn

%: reflection
@: tree-form
A: stationary, stasis, torment immunity, boosted hp
a: Renounce Religion, Potion Petition, Call Merchant, Bribe Branch


You were on level 9 of the Dungeon.
You worshipped Gozag.
Gozag was pleased with you.
You were a tree.
You visited 2 branches of the dungeon, and saw 10 of its levels.
You also visited: Sewer.

You collected 1037 gold pieces.
You paid 144 gold pieces to Gozag.

Inventory:

Hand Weapons
 a - a +1 war axe of flaming
 l - a +2 whip of freezing
 t - a +5 hand axe (weapon)
Armour
 b - a +0 scale mail (melded)
 c - a +0 buckler (worn)
 r - the +0 robe of Abstinence {Fly rPois rF++ Slay-5}
   (You found it on level 5 of the Dungeon)

   Slay:      It affects your accuracy & damage with ranged weapons and melee
   (-5).
   rF:        It greatly protects you from fire.
   rPois:     It protects you from poison.
   Fly:       It grants you flight.
 s - a +1 helmet (melded)
 u - a +0 pair of gloves (melded)
 D - a +0 cloak (melded)
 F - a +0 pair of boots (melded)
Jewellery
 g - a ring of resist corrosion (left branch)
 q - an amulet of reflection (around neck)
 y - the ring "Ekurphyogg" {Fire rN+}
   (You acquired it on level 7 of the Dungeon)

   [ring of fire]

   It enhances your fire magic.
   rF:        It protects you from fire.
   rC:        It makes you vulnerable to cold.
   rN:        It protects you from negative energy.
 E - a +4 ring of protection
Wands
 j - a wand of mindburst (14)
 m - a wand of flame (29)
Scrolls
 d - a scroll of blinking
 n - 2 scrolls of enchant armour
 p - 2 scrolls of amnesia
 x - 2 scrolls of enchant weapon
 C - a scroll of silence {unknown}
 G - 2 scrolls of identify
Potions
 e - a potion of brilliance
 f - a potion of mutation
 h - 4 potions of flight
 i - 4 potions of attraction
 k - 2 potions of magic
 o - 3 potions of heal wounds {unknown}
 w - a potion of invisibility {unknown}
 A - a potion of haste {unknown}
 B - 4 potions of curing {unknown}


   Skills:
 + Level 10.0 Fighting
 + Level 10.5 Axes
 + Level 9.2 Armour
 - Level 7.1 Shields


You had 9 spell levels left.
You didn't know any spells.
Your spell library contained the following spells:

 Spells                   Type           Power      Damage    Failure   Level
 Foxfire                  Conj/Fire      0%         2x1d4     36%         1
 Necrotise                Necr           0%         1d4       36%         1
 Static Discharge         Conj/Air       0%         2-2/arc   52%         2
 Vampiric Draining        Necr           0%         2d6       75%         3
 Airstrike                Air            0%         2d(0-16)  98%         4
 Petrify                  Tmut/Erth      0%         N/A       98%         4
 Summon Lightning Spire   Summ/Air       0%         N/A       98%         4
 Agony                    Necr           0%         N/A       100%        5
 Fireball                 Conj/Fire      0%         3d3       100%        5
 Metabolic Englaciation   Hex/Ice        0%         N/A       100%        5
 Plasma Beam              Fire/Air       0%         2x1d11    100%        6
 Starburst                Conj/Fire      0%         6d3       100%        6
 Statue Form              Tmut/Erth      0%         N/A       100%        6


Dungeon Overview and Level Annotations

Branches:
Dungeon (9/15)             Temple (1/1) D:6           Sewer (visited)
   Lair: D:8-11         Orc: D:9-12

Altars:
Ashenzari
Cheibriados
Dithmenos
Elyvilon
Gozag
Hepliaklqana
Kikubaaqudgha
Makhleb
Nemelex Xobeh
Okawaru
Qazlal
Ru
Trog
Uskayaw
Vehumet
Wu Jian
Xom
Yredelemnul
Zin
The Shining One


Message History

You cannot move.
You cannot move.
You cannot move.
You are confused.
You feel invigorated. Something draws life force from you!
* * * LOW HITPOINT WARNING * * *
You cannot move. (Use ctrl+direction or * direction to attack while stationary and confused.)
You barely miss something. Something hits you but does no damage.
Something bites you but does no damage.
You hit something but do no damage. Something hits you but does no damage.
Something bites you.
* * * LOW HITPOINT WARNING * * *
Something draws strength from your injuries!
You hit something but do no damage. You hit something.
You feel less invigorated.
You feel less confused.
You hear some strange, mumbled words.
You are confused.
You hit something but do no damage. Something hits you but does no damage.
Something bites you!
* * * LOW HITPOINT WARNING * * *
Something draws strength from your injuries!
You closely miss something. Something hits you but does no damage.
Something bites you but does no damage.
You hit something but do no damage. You barely miss something.
Something hits you but does no damage. Something bites you but does no damage.
You hit something. Something hits you!
* * * LOW HITPOINT WARNING * * *
Something bites you.
* * * LOW HITPOINT WARNING * * *
Something draws strength from your injuries!
You nearly hit yourself!
Something hits you but does no damage. Something bites you but does no damage.
You slash something!
You feel less confused. Something hits you but does no damage.
Something bites you but does no damage.
You barely miss something. Something draws life force from you!
You die...
Your body crumbles into a pile of gold.

......#.............
......#.............
......#.............
.
#######.....#.......
.. #
#.....#########... #
#................ #
#.............#### #
#................. #
#.........♣....... #
.......#....{......
#
###.....#...........
.......#...........
.......#########...
..... $. (


There were no monsters in sight!

Vanquished Creatures
  Pikel (D:5)
  A wraith (D:8)
  A wyvern (D:6)
  2 steam dragons (D:8)
  A water moccasin (Sewer)
  A sky beast (D:7)
  Pargi (D:3)
  A black bear (D:6)
  3 ice beasts
  6 centaurs
  A lemure (D:5)
  A phantom (D:6)
  3 bullfrogs
  Blork the orc (D:6)
  4 scorpions
  6 wights
  6 killer bees (D:7)
  3 howler monkeys (D:5)
  4 jellies
  4 orc priests
  A sleepcap (D:7)
  5 hounds
  2 iguanas
  Jessica (D:2)
  4 orc wizards
  A mummy (D:7)
  Robin (D:2)
  3 adders
  2 shadow imps
  A white imp (D:8)
  An ufetubus (D:5)
  2 worms
  2 dart slugs
  21 orcs
  10 ball pythons
  A bat (D:1)
  9 endoplasms
  3 giant cockroaches
  16 goblins
  13 hobgoblins
  12 jackals
  11 kobolds
  3 frilled lizards
  2 orc zombies (D:7)
  10 rats
188 creatures vanquished.

Vanquished Creatures (others)
  An orc wizard (D:7)
1 creature vanquished.

Grand Total: 189 creatures vanquished

Notes
Turn   | Place    | Note
-------+----------+-------------------------------------------
     0 | D:1      | Jerry the Hill Orc Fighter began the quest for the Orb.
     0 | D:1      | Reached XP level 1. HP: 19/19 MP: 1/1
   123 | D:1      | Reached XP level 2. HP: 27/27 MP: 2/2
   465 | D:1      | Reached XP level 3. HP: 33/33 MP: 3/3
  1133 | D:2      | Reached XP level 4. HP: 26/40 MP: 4/4
  1154 | D:2      | Noticed Jessica
  1172 | D:2      | Killed Jessica
  1542 | D:2      | Noticed Robin
  1567 | D:2      | Reached XP level 5. HP: 31/47 MP: 5/5
  1587 | D:2      | Killed Robin
  2273 | D:3      | Found a white marble altar of Elyvilon.
  2675 | D:4      | Noticed Pargi
  2692 | D:3      | Killed Pargi
  2693 | D:3      | Reached skill level 5 in Fighting
  2693 | D:3      | Reached XP level 6. HP: 40/56 MP: 6/6
  2704 | D:4      | Found a glowing drain.
  2730 | Sewer    | Entered a sewer
  2806 | Sewer    | Noticed a water moccasin
  2818 | Sewer    | Killed a water moccasin
  2819 | Sewer    | Reached skill level 5 in Axes
  2819 | Sewer    | Reached skill level 5 in Armour
  3054 | D:4      | Found a sacrificial altar of Ru.
  3198 | D:4      | Noticed a two-headed ogre
  3198 | D:4      | Noticed an orc warrior
  3230 | D:5      | Entered Level 5 of the Dungeon
  3258 | D:5      | Noticed Pikel
  3258 | D:5      | Noticed an ice beast
  3264 | D:6      | Noticed a fire elemental
  3269 | D:6      | Noticed a black bear
  3274 | D:6      | Killed a black bear
  3275 | D:6      | Reached skill level 5 in Shields
  3275 | D:6      | Reached XP level 7. HP: 55/62 MP: 7/7
  3445 | D:5      | Reached XP level 8. HP: 41/71 MP: 8/8
  3611 | D:5      | Killed Pikel
  3748 | D:5      | Identified the +0 robe of Abstinence {Fly rPois rF++
                  | Slay-5}
  3952 | D:5      | Reached XP level 9. HP: 49/80 MP: 9/9
  4197 | D:6      | Noticed Blork the orc
  4218 | D:6      | Killed Blork the orc
  4419 | D:6      | Found a stormy altar of Qazlal.
  4520 | D:6      | Found a staircase to the Ecumenical Temple.
  4529 | Temple   | Entered the Ecumenical Temple
  4575 | Temple   | Became a worshipper of Gozag Ym Sagoz the Greedy
  4664 | D:6      | Found a glowing golden altar of the Shining One.
  4664 | D:6      | Found a shimmering altar of Xom.
  6255 | D:7      | Reached XP level 10. HP: 91/91 MP: 10/10
  6382 | D:7      | Identified a scroll of acquirement
  6382 | D:7      | Acquired the ring "Ekurphyogg" {Fire rN+}
  6470 | D:8      | Reached skill level 10 in Axes
  6726 | D:8      | Found an ornate altar of the Wu Jian Council.
  7051 | D:8      | Reached skill level 10 in Fighting
  7138 | D:8      | Found a bloodstained altar of Trog.
  7392 | D:9      | HP: 3/139 [something (6)]
  7395 | D:9      | Killed from afar by a vampire

Illustrated notes

Levels and vault maps discovered:
D:1:      psy_arrival_terrarium, layout_basic, st_stairs_3
D:2:      layout_loops_ring, kennysheep_nondescript, serial_park_tiny_pond,
          minmay_misc_feat_pillars, grunt_ministairs_15, uniq_jessica,
          uniq_robin
D:3:      layout_loops_ring, elyvilon_altar_1
D:4:      layout_gridville, nicolae_ru_awakened_eye, portal_sewer_entry_a,
          lightli_corner_chamber, uniq_pargi
D:5:      layout_basic, uniq_pikel
D:6:      layout_loops_ring, amethyst_overflow_temple_binary,
          nicolae_qazlal_style_of_elements, minmay_temple_entry_trees,
          uniq_blork_the_orc
D:7:      layout_loops_cross, nicolae_ossuary_entry_giza
D:8:      layout_basic, general_overflow_altar,
          mainiacjoe_overflow_concentric_impassable
D:9:      layout_grid_maze, mainiacjoe_overflow_small_starburst, enter_bailey_2,
          mrwooster_statue_mirror
Temple:   nicolae_temple_ecumenical_triangle

Skill      XL: |  1  2  3  4  5  6  7  8  9 10 |
---------------+-------------------------------+-----
Axes           | 3 4 5 6 7 9 10 | 10.5
Fighting       | 4 5 6 7 9 10 | 10.0
Armour         | 4 5 7 8 9 |  9.2
Shields        | 4 5 6 7 |  7.1

Action                     |  1- 3 |  4- 6 |  7- 9 | 10-12 || total
---------------------------+-------+-------+-------+-------++-------
  Melee: War axe           |   112 |   165 |   139 |       ||   416
         Hand axe          |       |       |   108 |   122 ||   230
    Use: Scroll            |       |    14 |     3 |     2 ||    19
         Potion            |       |     1 |     2 |     2 ||     5
 Armour: Scale mail        |    62 |    70 |   100 |    52 ||   284
         Skin              |       |       |    37 |    13 ||    50
  Dodge: Dodged            |    63 |    68 |    89 |    24 ||   244
  Block: Buckler           |    29 |    85 |   146 |    53 ||   313
         Reflection        |       |       |     5 |     5 ||    10
